 Dungeon Crawl Stone Soup version 0.25-a0-302-g9f758675c1 (webtiles) character file.

Game seed: 14411367950569880321, levelgen mode: deterministic

7456 DerDa the Archer (level 10, -1/95 HPs)
             Began as a Centaur Hunter on Dec 20, 2019.
             Was a High Priest of Okawaru.
             Slain by a manticore (6 damage)
             ... on level 11 of the Dungeon.
             The game lasted 00:41:48 (13267 turns).

DerDa the Archer (Centaur Hunter)                  Turns: 13267, Time: 00:41:48

Health: -1/95      AC: 10    Str: 18    XL:     10   Next: 94%
Magic:  9/10       EV: 14    Int: 10    God:    Okawaru [*****.]
Gold:   433        SH:  0    Dex: 16    Spells: 9/9 levels left

rFire    . . .     SeeInvis .   H - +2 short sword (drain)
rCold    . . .     Gourm    .   (no shield)
rNeg     . . .     Faith    .   N - +0 scale mail of Purpose {+Fly rElec Str+3}
rPois    +         Spirit   .   o - +0 helmet
rElec    +         Reflect  .   (no cloak)
rCorr    .         Harm     .   y - +0 pair of gloves
MR       .....                  (no barding)
Stlth    +.........             (no amulet)
HPRegen  0.25/turn              m - ring of poison resistance
MPRegen  0.12/turn              G - +3 ring of dexterity

@: heroism, very quick
A: large, hooves 3, deformed body, speed 2, tough skin 3
a: Heroism, Finesse, Renounce Religion, Evoke Flight


You were on level 11 of the Dungeon.
You worshipped Okawaru.
Okawaru was extremely pleased with you.
You were not hungry.

You visited 2 branches of the dungeon, and saw 12 of its levels.

You collected 708 gold pieces.
You spent 275 gold pieces at shops.

Inventory:

Hand Weapons
 a - a +1 shortbow
 b - a +2 short sword of venom
 h - a +0 whip of flaming
 p - a +2 scimitar
 v - a +2 spear of freezing
 E - a +1 whip of electrocution
 H - a +2 short sword of draining (weapon)
 L - a +4 long sword
Missiles
 d - 142 arrows
 n - 66 bolts
 P - 11 curare-tipped darts (quivered)
 Q - 18 poisoned darts
Armour
 o - a +0 helmet (worn)
 y - a +0 pair of gloves (worn)
 N - the +0 scale mail of Purpose (worn) {+Fly rElec Str+3}
   (You found it on level 9 of the Dungeon)

   It affects your strength (+3).
   It insulates you from electricity.
   It lets you fly.
Jewellery
 l - an uncursed ring of protection from magic
 m - a ring of poison resistance (left hand)
 s - an uncursed ring of see invisible
 A - an uncursed ring of fire
 G - a +3 ring of dexterity (right hand)
Wands
 I - a wand of iceblast (8)
 J - a wand of clouds (5)
 M - a wand of polymorph (5)
Scrolls
 c - a scroll of brand weapon {unknown}
 i - 4 scrolls of enchant armour
 r - 3 scrolls of teleportation
 t - 3 scrolls of fear
 w - 2 scrolls of identify
 z - 4 scrolls of magic mapping
 B - 3 scrolls of blinking
 C - 2 scrolls of immolation
 K - a scroll of vulnerability
Potions
 e - 3 potions of flight
 g - 2 potions of curing
 j - 5 potions of agility
 k - a potion of berserk rage
 q - 2 potions of might
 x - a potion of heal wounds
 D - a potion of resistance
 F - a potion of ambrosia {unknown}
 O - a potion of magic {unknown}
Comestibles
 f - 22 rations


   Skills:
 * Level 11.1(16.1) Fighting
 + Level 12.1(17.1) Bows
 + Level 2.7(7.7) Armour
 + Level 6.7(11.7) Dodging
 - Level 0.4(5.4) Stealth


You had 9 spell levels left.
You didn't know any spells.
Your spell library contained the following spells:

 Spells                   Type           Power        Failure   Level  Hunger
 Magic Dart               Conj           #...         71%         1    ##.....
 Sandblast                Erth           #.....       71%         1    ##.....
 Passwall                 Tmut/Erth      #.......     83%         2    ###....
 Searing Ray              Conj           #.....       83%         2    ###....
 Dazzling Flash           Conj/Hex       #.....       97%         3    ####...
 Stone Arrow              Conj/Erth      #.....       97%         3    ####...
 Fulminant Prism          Conj/Hex       #.........   100%        4    #####..
 Iskenderun's Mystic Bla  Conj/Tloc      #.......     100%        4    #####..
 Petrify                  Tmut/Erth      #.......     100%        4    #####..
 Lee's Rapid Deconstruct  Erth           #.........   100%        5    ######.


Dungeon Overview and Level Annotations

Branches:
Dungeon (11/15)            Temple (1/1) D:6            Lair (0/6) D:10
    Orc: D:9-12

Altars:
Ashenzari
Cheibriados
Dithmenos
Elyvilon
Fedhas
Gozag
Hepliaklqana
Kikubaaqudgha
Makhleb
Nemelex Xobeh
Okawaru
Qazlal
Ru
Sif Muna
Trog
Uskayaw
Vehumet
Wu Jian
Xom
Yredelemnul
Zin
The Shining One

Shops:
D:4 :*==   D:7 %?=(


Innate Abilities, Weirdness & Mutations

You have hooves in place of feet.
Armour fits poorly on your strangely shaped body.
You cover ground very quickly.
You have extremely tough skin. (AC +3)


Message History

The manticore claws you.
* * * LOW HITPOINT WARNING * * *
Your +2 short sword of venom stops dripping with poison.
You sense an unholy aura.
H - a +2 short sword of draining (weapon)
You puncture the manticore! You drain the manticore. You kick the manticore!
The manticore is heavily wounded.
The manticore barely misses you. x3
You barely miss the manticore.
You kick the manticore, but do no damage.
The manticore is heavily wounded.
The manticore closely misses you.
The manticore claws you but does no damage.
The manticore barely misses you.
You hit the manticore. You kick the manticore.
The manticore is severely wounded.
The manticore bites you!
* * * LOW HITPOINT WARNING * * *
The manticore claws you.
You die...

#....# #....# #...
#....# #.... +....# ....
#....#
...##+#..<.#########
#..................
#..................
#.........@........
###+#...รท.....H........
.......(#######(...(.##
.......(#.....#......+
........(cY...+......#
.<......#..H..#.(....#
........#.....#......#
........#.....#......#
........####'##H.....#


You could see a manticore.

Vanquished Creatures
  2 two-headed ogres (D:10)
  Pikel (D:6)
  2 hippogriffs
  A yak (D:11)
  A hungry ghost (D:7)
  Menkaure (D:7)
  3 wargs
  3 orc warriors
  An ice beast (D:8)
  2 sky beasts (D:9)
  4 phantoms
  3 slaves (D:6)
  5 ogres
  3 centaurs
  A big kobold (D:10)
  5 bullfrogs
  3 gnoll sergeants
  A wyvern skeleton (D:9)
  7 scorpions
  4 wights (D:6)
  A howler monkey (D:5)
  2 crimson imps
  2 bullfrog zombies
  A gnoll shaman (D:8)
  9 orc priests
  3 bullfrog skeletons
  6 hounds
  A jelly (D:8)
  6 centaur skeletons
  3 iguanas
  7 orc wizards
  6 worker ants
  A killer bee zombie (D:6)
  A howler monkey skeleton (D:6)
  A worker ant zombie (D:9)
  21 gnolls
  17 adders
  5 shadow imps
  2 oozes
  An adder zombie (D:9)
  2 adder skeletons
  A dart slug (D:1)
  7 leopard geckos
  30 orcs
  3 ball pythons
  7 giant cockroaches
  6 goblins
  10 hobgoblins
  7 jackals
  4 quokkas
  A ball python skeleton (D:4)
  8 bats
  4 frilled lizards
  3 goblin skeletons (D:9)
  A goblin zombie (D:9)
  2 hobgoblin zombies (D:9)
  A jackal zombie (D:5)
  14 kobolds
  2 kobold skeletons (D:9)
  A kobold zombie (D:9)
  An orc skeleton (D:9)
  A quokka skeleton (D:7)
  A quokka zombie (D:8)
  11 rats
277 creatures vanquished.

Vanquished Creatures (others)
  Maurice (D:10)
1 creature vanquished.

Grand Total: 278 creatures vanquished

Notes
Turn   | Place    | Note
-------+----------+-------------------------------------------
     0 | D:1      | DerDa the Centaur Hunter began the quest for the Orb.
     0 | D:1      | Reached XP level 1. HP: 17/17 MP: 1/1
   107 | D:1      | Reached XP level 2. HP: 20/24 MP: 2/2
   647 | D:1      | Reached XP level 3. HP: 21/30 MP: 3/3
  1349 | D:2      | Reached skill level 6 in Bows
  1511 | D:2      | Reached XP level 4. HP: 33/38 MP: 4/4
  1916 | D:3      | Reached XP level 5. HP: 31/45 MP: 5/5
  1984 | D:3      | HP: 2/45 [poisoned by an adder]
  2840 | D:4      | Found Lunk's Jewellery Shoppe.
  2848 | D:4      | Noticed an orc warrior
  2892 | D:3      | Killed an orc warrior
  2892 | D:3      | Reached skill level 7 in Bows
  2892 | D:3      | Reached XP level 6. HP: 17/52 MP: 6/6
  3195 | D:4      | Found Esues's General Store.
  3202 | D:4      | Found Fabluiff's Book Emporium.
  3203 | D:4      | Bought a scroll of remove curse for 30 gold pieces
  3203 | D:4      | Bought a scroll of blinking for 75 gold pieces
  3203 | D:4      | Bought a potion of heal wounds for 50 gold pieces
  3488 | D:4      | Found a blossoming altar of Fedhas.
  3591 | D:4      | Found Russ's Jewellery Emporium.
  3725 | D:4      | Reached XP level 7. HP: 60/60 MP: 7/7
  3791 | D:5      | Entered Level 5 of the Dungeon
  3904 | D:4      | Reached skill level 8 in Bows
  3928 | D:4      | Reached skill level 5 in Fighting
  4016 | D:4      | HP: 3/61 [poisoned by a scorpion]
  4021 | D:4      | HP: 2/61 [poisoned by a scorpion]
  4029 | D:4      | HP: 1/61 [poisoned by a scorpion]
  4037 | D:4      | HP: 1/61 [poisoned by a scorpion]
  5046 | D:5      | Found a blossoming altar of Fedhas.
  5116 | D:5      | Found an iron altar of Okawaru.
  5116 | D:5      | Found a shattered altar of Ashenzari.
  5144 | D:5      | Reached XP level 8. HP: 44/70 MP: 8/8
  5241 | D:5      | Became a worshipper of Warmaster Okawaru
  5252 | D:5      | Found a shimmering altar of Xom.
  5252 | D:5      | Found a hide-covered altar of Uskayaw.
  5254 | D:5      | Found a white marble altar of Elyvilon.
  5254 | D:5      | Found a shadowy altar of Dithmenos.
  5254 | D:5      | Found a white marble altar of Elyvilon.
  5418 | D:5      | Reached skill level 9 in Bows
  6105 | D:6      | Reached * piety under Okawaru
  6565 | D:6      | Found a bloodstained altar of Trog.
  6722 | D:6      | Found a staircase to the Ecumenical Temple.
  6824 | D:6      | Found a basalt altar of Yredelemnul.
  6862 | Temple   | Entered the Ecumenical Temple
  7384 | D:7      | Noticed Pikel
  7418 | D:7      | Found a shadowy altar of Dithmenos.
  7419 | D:7      | Found a sparkling altar of Nemelex Xobeh.
  7811 | D:6      | Killed Pikel
  7811 | D:6      | Reached skill level 10 in Bows
  7811 | D:6      | Reached skill level 5 in Dodging
  7811 | D:6      | Reached XP level 9. HP: 61/81 MP: 9/9
  7816 | D:7      | Noticed Menkaure
  7823 | D:7      | Killed Menkaure
  8183 | D:7      | Found Seeheamo's Jewellery Boutique.
  8283 | D:7      | Reached ** piety under Okawaru
  8314 | D:7      | Found Jaklew's Food Boutique.
  8326 | D:7      | Found Xiegywis's Magic Scroll Shoppe.
  8341 | D:7      | Bought a scroll of identify for 30 gold pieces
  8341 | D:7      | Bought a scroll of identify for 30 gold pieces
  8341 | D:7      | Bought a scroll of identify for 30 gold pieces
  8341 | D:7      | Bought a scroll of identify for 30 gold pieces
  8408 | D:7      | Found Xaipnang's Antique Weapon Boutique.
  8412 | D:7      | Found a hide-covered altar of Uskayaw.
  8513 | D:7      | Found a shimmering blue altar of Sif Muna.
  9032 | D:8      | Found a burning altar of Makhleb.
  9611 | D:9      | Reached *** piety under Okawaru
  9641 | D:9      | Got a dazzling morningstar
  9688 | D:9      | Reached skill level 11 in Bows
  9925 | D:9      | Got a pitted scale mail
  9985 | D:9      | Reached XP level 10. HP: 45/93 MP: 10/10
 10072 | D:9      | Identified the +0 scale mail of Purpose {+Fly rElec Str+3}
                  | (You found it on level 9 of the Dungeon)
 10073 | D:9      | Identified the +6 morningstar "Mosot" {elec, Fragile MR++
                  | Dex+3} (You found it on level 9 of the Dungeon)
 10186 | D:9      | Found a glowing golden altar of the Shining One.
 10498 | D:9      | Received a gift from Okawaru
 10565 | D:9      | Found a shimmering altar of Xom.
 10577 | D:9      | Reached skill level 10 in Fighting
 10665 | D:9      | Found a hazy altar of Hepliaklqana.
 10757 | D:10     | Entered Level 10 of the Dungeon
 10803 | D:10     | Reached skill level 1 in Armour
 11192 | D:10     | Noticed a two-headed ogre
 11228 | D:10     | Killed a two-headed ogre
 11228 | D:10     | Reached **** piety under Okawaru
 11277 | D:10     | Noticed Maurice
 11290 | D:10     | Killed Maurice
 11970 | D:10     | Noticed a two-headed ogre
 12012 | D:10     | Killed a two-headed ogre
 12300 | D:10     | Reached skill level 12 in Bows
 12315 | D:10     | Found a staircase to the Lair.
 12833 | D:10     | Reached ***** piety under Okawaru
 12916 | D:11     | Noticed a manticore
 13267 | D:11     | Slain by a manticore

Levels and vault maps discovered:
D:1:      minmay_arrival_four_loops, layout_loops_ring, minmay_close_crescents
D:2:      layout_loops_cross
D:3:      layout_loops_ring
D:4:      layout_basic, old_standard_altar, serial_shops,
          nicolae_shop_competitors_out_of_business, nicolae_shop_trees, shop,
          shop, grunt_ministairs_8, minmay_puff
D:5:      layout_basic, chequers_temple_overflow_statue_of_worship,
          first_ration, doesnt_xom_only_xom
D:6:      layout_basic, lemuel_round_altar, lemuel_coloured_pillars_altar,
          temple_fountains
D:7:      layout_cave_pools, overflow_temple_1_default, lemuel_round_altar,
          kennysheep_mini, eat_drink_and_be_merry_uskayaw, serial_shops, shop,
          shop, shop, nicolae_shop_window_shopping, uniq_menkaure, uniq_pikel
D:8:      layout_cave_pools, lemuel_round_altar
D:9:      minmay_the_grid_square_5x5_3x3 [minmay_the_grid_square_5x5_tri_point,
          minmay_the_grid_square_5x5_forky,
          minmay_the_grid_square_5x5_hourglass,
          minmay_the_grid_square_5x5_empty,
          minmay_the_grid_square_5x5_megaprize_hollow,
          minmay_the_grid_square_5x5_six, minmay_the_grid_square_5x5_empty,
          minmay_the_grid_square_5x5_meh, minmay_the_grid_square_5x5_moneybag],
          layout_loops_ring, kennysheep_mini_moat, nicolae_tso_besieged_by_evil,
          basic_altar
D:10:     layout_irregular_city, erik_lair_orcish_takeover, uniq_maurice
D:11:     layout_gridville, uniq_urug
Temple:   dpeg_three_leaves_temple

Skill      XL: |  1  2  3  4  5  6  7  8  9 10 |
---------------+-------------------------------+-----
Dodging        | 2 3 4 5 6 |  6.7
Bows           | 6 7 8 10 11 12 | 12.1
Fighting       | 3 4 5 8 9 11 | 11.1
Armour         | 2 |  2.7
Stealth        | |  0.4

Action                   |  1- 3 |  4- 6 |  7- 9 | 10-12 || total
-------------------------+-------+-------+-------+-------++-------
Melee: Short sword       |   129 |   149 |   329 |   119 ||   726
       Kick              |    20 |    33 |    83 |    59 ||   195
       Whip              |       |       |     4 |       ||     4
       Morningstar       |       |       |       |    31 ||    31
       Long sword        |       |       |       |     1 ||     1
       Punch             |       |       |       |     1 ||     1
 Fire: Shortbow          |    10 |     7 |   254 |   133 ||   404
Invok: Heroism           |       |       |       |     1 ||     1
  Use: Potion            |       |       |     2 |     2 ||     4
       Scroll            |       |       |    13 |     2 ||    15
  Eat: Chunk             |     1 |     6 |    17 |     9 ||    33
Armor: Leather armour    |    50 |       |    85 |       ||   135
       Ring mail         |    21 |    69 |    33 |       ||   123
       Scale mail        |       |       |       |    67 ||    67
Dodge: Dodged            |    62 |    74 |   199 |   105 ||   440

Table legend:
 A = Non-vault XP
 B = Vault XP
 C = Vault XP percentage of total XP
 D = Non-vault monster count
 E = Vault monster count
 F = Vault count percentage of total count
                 A         B        C        D         E       F
            +---------+---------+-------+---------+---------+-------
      Total |    8578 |    2074 |  19.5 |     236 |      39 |  14.2
            +---------+---------+-------+---------+---------+-------
        D:1 |      44 |       9 |  17.0 |      24 |       5 |  17.2
        D:2 |      86 |       0 |   0.0 |      22 |       0 |   0.0
        D:3 |     265 |       0 |   0.0 |      29 |       0 |   0.0
        D:4 |     534 |     183 |  25.5 |      17 |       4 |  19.0
        D:5 |     595 |       0 |   0.0 |      20 |       0 |   0.0
        D:6 |     783 |     571 |  42.2 |      18 |       1 |   5.3
        D:7 |     502 |     169 |  25.2 |      10 |       1 |   9.1
        D:8 |     809 |       0 |   0.0 |      31 |       0 |   0.0
        D:9 |    1425 |     485 |  25.4 |      21 |      19 |  47.5
       D:10 |    3143 |     657 |  17.3 |      40 |       9 |  18.4
       D:11 |     392 |       0 |   0.0 |       4 |       0 |   0.0
            +---------+---------+-------+---------+---------+-------
